Map: Cerulean Fall LE

Players

Smileblind

  • Race: Zerg Zerg
  • League: Silver
  • Spawn Location: 7:00

diegohowe - Winner!

  • Race: Zerg Zerg
  • League: Silver
  • Spawn Location: 1:00

VOD

Have the link to the VOD?

Description

Time

  • Played on: Jan. 15, 2019, 11:06 p.m.
  • Length: 20:15
Show
View Real Time Build Order
Export as new Build Order

Smileblind Zerg 

Build Orders: Pool First 

Get SALT Encoding   

  12  0:02  Drone  
  13  0:08  Drone  
  14  0:29  Spawning Pool  
  14  0:34  Overlord  
  13  0:38  Drone  
  14  0:49  Extractor  
  13  0:50  Drone  
  13  0:53  Drone  
  15  0:57  Overlord  
  15  1:10  Drone  
  15  1:11  Evolution Chamber  
  15  1:23  Drone  
  16  1:32  Drone  
  17  1:35  Queen  
  19  1:40  Drone  
  20  1:53  Drone  
  21  2:10  Spine Crawler  
  21  2:11  Queen  
  22  2:21  Zergling x4  
  24  2:41  Hatchery  
  23  2:45  Metabolic Boost  
  23  3:00  Zergling x10  
  23  3:01  Zergling x2  
  29  3:19  Extractor  
  28  3:45  Drone x2  
  30  4:00  Zerg Melee Weapons Level 1  
  30  4:04  Drone  
  30  4:05  Drone x3  
  34  4:10  Queen  
  36  4:21  Overlord  
  36  4:31  Overlord  
  36  4:39  Queen  
  38  4:46  Drone x3  
  33  5:00  Zergling x2  
  31  5:12  Zergling x2  
  32  5:14  Queen  
  34  5:26  Zergling x2  
  35  5:30  Drone  
  36  5:41  Drone  
  37  6:09  Drone x2  
  37  6:10  Spine Crawler, Drone x2  
  40  6:14  Drone x5  
  40  6:15  Drone x6  
  40  6:17  Hatchery  
  48  6:28  Drone  
  49  6:46  Lair  
  49  6:56  Overlord x3  
  49  7:15  Spine Crawler  
  48  7:28  Queen  
  50  7:30  Zergling x10  
  55  7:47  Zergling x4  
  57  7:54  Spire  
  56  8:04  Queen  
  48  8:25  Drone x3  
  51  8:32  Queen  
  53  8:37  Zergling x12  
  53  8:38  Zergling x6  
  53  8:39  Queen  
  64  9:01  Drone x5  
  64  9:02  Drone x2  
  71  9:09  Extractor x2  
  69  9:17  Zerg Flyer Weapons Level 1  
  69  9:19  Mutalisk x2  
  69  9:20  Mutalisk  
  69  9:23  Mutalisk x2  
  69  9:24  Mutalisk  
  81  9:47  Overlord x3  
  81  9:59  Spine Crawler  
  80  10:00  Spine Crawler  
  80  10:04  Mutalisk  
  80  10:05  Mutalisk x4  
  89  10:18  Drone x5  
  94  10:34  Corruptor x4  
  94  10:35  Hatchery  
  101  10:47  Mutalisk x2  
  105  10:52  Overlord  
  105  10:53  Overlord  
  105  10:57  Overlord x3  
  105  11:06  Zerg Melee Weapons Level 2  
  105  11:11  Corruptor  
  105  11:15  Drone  
  105  11:16  Drone x6  
  114  11:19  Queen  
  116  11:32  Mutalisk x3  
  116  11:33  Mutalisk x2, Spore Crawler  
  116  11:35  Zerg Flyer Weapons Level 2  
  123  11:57  Drone x6  
  129  12:01  Queen  
  129  12:03  Drone  
  129  12:04  Drone  
  133  12:10  Mutalisk  
  133  12:11  Mutalisk x3  
  141  12:16  Corruptor x3  
  147  12:26  Extractor  
  147  12:29  Extractor  
  145  12:35  Spine Crawler  
  144  12:38  Mutalisk x2  
  144  12:39  Mutalisk  
  144  12:41  Spine Crawler  
  149  12:45  Drone x2  
  149  12:49  Overlord  
  151  12:56  Overlord  
  151  12:57  Overlord x4  
  151  13:07  Queen  
  151  13:10  Mutalisk x3  
  159  13:16  Overlord x2  
  159  13:17  Overlord x3  
  159  13:21  Mutalisk  
  159  13:23  Zergling x2  
  159  13:24  Zergling x12  
  159  13:25  Zergling x12  
  174  13:30  Zerg Missile Weapons Level 1  
  174  13:41  Mutalisk  
  176  13:54  Drone x3  
  179  14:05  Drone x4  
  179  14:06  Drone  
  184  14:11  Queen  
  187  14:17  Drone  
  187  14:18  Spine Crawler  
  187  14:20  Mutalisk x2  
  190  14:31  Mutalisk x4  
  188  14:47  Zerg Flyer Armor Level 1  
  188  14:50  Mutalisk x4  
  186  15:05  Mutalisk  
  188  15:11  Mutalisk  
  188  15:12  Mutalisk  
  192  15:28  Zergling x6  
  129  15:57  Mutalisk x5  
  87  16:21  Mutalisk x2  
  87  16:22  Mutalisk  
  90  16:40  Mutalisk x2  
  90  16:43  Zergling x8  
  90  16:44  Zergling x10  
  103  16:49  Mutalisk  
  103  16:50  Zergling x6  
  103  16:51  Zergling x12  
  114  17:03  Mutalisk  
  114  17:04  Mutalisk  
  65  17:33  Mutalisk  
  65  17:35  Zergling x12  
  65  17:36  Zergling x12  
  65  17:37  Zergling x12  
  75  17:45  Zergling x2  
  75  17:46  Zergling x10  
  78  18:24  Zergling x8  
  78  18:25  Zergling x4  
  84  18:29  Zergling x4  
  84  18:30  Zergling x12  
  84  18:31  Zergling x8  
  96  18:54  Zergling x4  
  96  18:55  Zergling x6  
  85  19:20  Zergling x12  
  90  19:24  Zergling x8  
  90  19:25  Zergling x2  
  67  19:44  Zergling x8  
Show
View Real Time Build Order
Export as new Build Order

diegohowe Zerg - Winner!

Build Orders: Pool First 

Get SALT Encoding   

  12  0:20  Spawning Pool  
  11  0:23  Extractor  
  11  0:24  Drone  
  11  0:35  Drone  
  11  0:40  Overlord  
  12  0:52  Drone x2  
  14  1:09  Zergling x4  
  16  1:28  Metabolic Boost  
  16  1:29  Zergling x2  
  16  1:30  Drone  
  18  1:45  Queen  
  20  1:47  Drone  
  20  1:53  Drone  
  22  2:23  Overlord  
  22  2:35  Hatchery  
  21  2:47  Zergling x6  
  24  2:57  Drone x3  
  27  3:08  Baneling Nest  
  26  3:26  Drone x2, Overlord  
  26  3:39  Zergling x2  
  27  3:42  Extractor  
  26  3:49  Evolution Chamber  
  26  3:53  Drone x2  
  27  3:56  Queen  
  27  3:59  Baneling x5  
  29  4:03  Lair  
  29  4:05  Drone  
  29  4:06  Drone  
  31  4:23  Zergling x6  
  31  4:24  Zergling x4  
  36  4:41  Drone x3  
  39  4:48  Zerg Melee Weapons Level 1  
  34  5:29  Zergling x10  
  34  5:30  Zergling x10  
  44  5:37  Hydralisk Den  
  43  5:53  Drone  
  43  5:55  Overlord x3  
  44  6:00  Baneling x5  
  44  6:07  Muscular Augments  
  39  6:38  Drone x7  
  46  6:44  Extractor  
  45  6:47  Zerg Ground Armor Level 1, Extractor  
  45  6:49  Hydralisk x6  
  56  7:07  Baneling x3  
  56  7:13  Drone x5  
  56  7:14  Overlord x2  
  61  7:24  Baneling  
  61  7:26  Baneling  
  61  7:33  Zergling x4  
  63  7:46  Drone x3  
  63  7:47  Drone  
  66  7:58  Hatchery  
  56  8:10  Hydralisk x2  
  56  8:11  Hydralisk x3  
  66  8:15  Pneumatized Carapace  
  66  8:23  Grooved Spines  
  66  8:24  Zergling x10  
  71  8:49  Zergling x12  
  71  8:50  Zergling x4  
  71  8:52  Centrifical Hooks  
  79  9:01  Zergling x4  
  81  9:12  Zerg Missile Weapons Level 1, Nydus Network  
  80  9:22  Drone x5  
  80  9:24  Zergling x8  
  89  9:36  Overlord x3  
  89  9:53  Nydus Network  
  88  10:02  Zergling x4  
  88  10:03  Hydralisk x3, Zergling x6  
  99  10:26  Infestation Pit  
  98  10:31  Queen  
  98  10:35  Drone x4  
  104  11:05  Zerg Ground Armor Level 2, Nydus Canal  
  104  11:10  Extractor  
  103  11:11  Hydralisk x4  
  103  11:12  Hydralisk  
  103  11:13  Extractor, Zergling x2  
  103  11:14  Overlord x4  
  113  11:30  Overlord x3  
  108  12:00  Hydralisk x5  
  108  12:01  Hydralisk x6  
  129  12:09  Nydus Canal  
  129  12:27  Spore Crawler  
  128  12:32  Spore Crawler  
  128  12:35  Spore Crawler  
  126  12:37  Spore Crawler  
  126  12:43  Spore Crawler  
  124  12:45  Drone  
  124  12:46  Drone x5  
  124  12:48  Zergling x2  
  124  12:49  Zergling x14  
  138  12:58  Zergling x2  
  139  12:59  Zergling x4  
  141  13:09  Hive  
  141  13:20  Hydralisk x2  
  141  13:21  Hydralisk x2  
  149  13:51  Baneling x2  
  149  13:52  Baneling x6  
  149  13:55  Baneling x6  
  149  13:56  Baneling x5  
  149  14:03  Hydralisk x5  
  149  14:04  Hydralisk x2  
  163  14:24  Hatchery  
  133  15:23  Spire  
  132  15:35  Zergling x14  
  138  15:36  Zergling x8  
  117  15:51  Zergling x10  
  117  15:52  Zergling x18  
  104  16:07  Hydralisk x3  
  110  16:22  Queen  
  112  16:27  Zergling x12  
  117  16:51  Zerg Missile Weapons Level 2  
  112  17:15  Hydralisk x4  
  104  17:16  Hydralisk x5  
  112  17:24  Hydralisk x2  
  112  17:25  Hydralisk  
  108  17:50  Hydralisk x7  
  77  18:17  Zergling x24  
  77  18:18  Zergling x2  
  90  18:29  Drone x4  
  94  18:36  Drone x2  
  96  19:09  Baneling  
  94  19:10  Baneling x8  
  94  19:14  Zergling x6  
  94  19:15  Zergling x14  
  86  19:46  Hatchery  
  86  19:50  Zergling x14  
Tags
 
Add a new tag
Caveats
  • Supply blocks, unpowered buildings, or Contaminate may cause inaccurate times.
  • Supply counts are checked every 10 seconds.